 Dungeon Crawl Stone Soup version 0.23.0 (webtiles) character file.

Game seed: 635297595472340813

18 tidbits the Charmwright (level 2, -1/26 HPs)
             Began as a Gnoll Skald on Feb 14, 2019.
             Slain by a hobgoblin
             ... wielding a +0 club
              (4 damage)
             ... while paralysed by a goblin
             ... on level 3 of the Dungeon.
             The game lasted 00:02:30 (211 turns).

tidbits the Charmwright (Gnoll Skald)                Turns: 211, Time: 00:02:31

Health: -1/26      AC:  4    Str: 13    XL:     2   Next: 66%
Magic:  0/7        EV:  2    Int: 15    God:
Gold:   18         SH:  0    Dex: 14    Spells: 5/10 levels left

rFire    . . .     SeeInvis .   a - +0 trident
rCold    + . .     Gourm    .   (no shield)
rNeg     . . .     Faith    .   b - +0 leather armour
rPois    .         Spirit   +   (no helmet)
rElec    .         Reflect  .   (no cloak)
rCorr    .         Harm     .   G - +0 pair of gloves
MR       .....                  (no boots)
Stlth    +.........             h - amulet of guardian spirit
HPRegen  0.08/turn              e - ring of protection from cold
MPRegen  0.10/turn              (no ring)

@: paralysed, infused, singing
A: distributed training, fangs 1, strong nose
a: no special abilities


You were on level 3 of the Dungeon.
You were not hungry.

You visited 1 branch of the dungeon, and saw 3 of its levels.

You collected 18 gold pieces.

Inventory:

Hand Weapons
 a - a +0 trident (weapon)
 f - a +0 spear
Armour
 b - a +0 leather armour (worn)
 j - a +0 ring mail
 G - a +0 pair of gloves (worn)
Jewellery
 e - a ring of protection from cold (left hand)
   (You found it on level 2 of the Dungeon)
 h - an amulet of guardian spirit (around neck)
   (You found it on level 3 of the Dungeon)
Scrolls
 c - a scroll of enchant armour {unknown}
 g - a scroll of remove curse {unknown}
 i - a scroll of teleportation {unknown}
Potions
 k - 2 potions of heal wounds {unknown}
Comestibles
 d - 2 rations


   Skills:
 + Level 4.5 Fighting
 + Level 0.5 Short Blades
 + Level 0.5 Long Blades
 + Level 0.5 Axes
 + Level 0.5 Maces & Flails
 + Level 4.5 Polearms
 + Level 0.5 Staves
 + Level 0.5 Slings
 + Level 0.5 Bows
 + Level 0.5 Crossbows
 + Level 0.5 Throwing
 + Level 2.5 Armour
 + Level 4.5 Dodging
 + Level 0.5 Stealth
 + Level 0.5 Shields
 + Level 0.5 Unarmed Combat
 + Level 4.9 Spellcasting
 + Level 0.3 Conjurations
 + Level 0.3 Hexes
 + Level 5.3 Charms
 + Level 0.3 Summonings
 + Level 0.3 Necromancy
 + Level 0.3 Translocations
 + Level 0.3 Transmutations
 + Level 0.3 Fire Magic
 + Level 0.3 Ice Magic
 + Level 0.3 Air Magic
 + Level 0.3 Earth Magic
 + Level 0.3 Poison Magic
 + Level 0.6 Invocations
 + Level 0.5 Evocations


You had 5 spell levels left.
You knew the following spells:

 Your Spells              Type           Power        Failure   Level  Hunger
g - Shroud of Golubria    Chrm/Tloc      ##........   10%         2    ##.....
i - Infusion              Chrm           ###.         2%          1    None
y - Song of Slaying       Chrm           ###.....     3%          2    ##.....

Your spell library contained the following spells:

 Spells                   Type           Power        Failure   Level  Hunger
 Regeneration             Chrm/Necr      ##........   19%         3    ###....
 Spectral Weapon          Hex/Chrm       ##......     19%         3    ###....


Dungeon Overview and Level Annotations

Branches:
Dungeon (3/15)

Altars:


Innate Abilities, Weirdness & Mutations

Your experience applies equally to all skills.
You have very sharp teeth.
Your uncanny sense of smell can sniff out nearby items.


Message History

You finish memorising.
Spell assigned to 'g'.
Items here: ))) [[ a +0 club; a cursed -1 war axe; a +0 leather armour; a cursed -2 mace a +0 ring mail
j - a +0 ring mail Unknown command.
A kobold comes into view.
Unknown command.
Casting: Infusion (safe; 2% risk of failure)
Confirm with . or Enter, or press ? or * to list all spells.
You don't know that spell.
The kobold shouts!
A bat comes into view.
Unknown command.
You hit the kobold.
You kill the kobold!
Attack whom?
Press: ? - help, Dir - move target cursor, f - bat
Aim: a bat You reach to attack!
You closely miss the bat. The bat hits you but does no damage.
You barely miss the bat. The bat barely misses you.
Attack whom?
Press: ? - help, Dir - move target cursor, f/p - bat
Aim: a bat You reach to attack!
You barely miss the bat. The bat closely misses you.
The bat closely misses you.
Found a stone staircase leading down.
Unknown command.
Unknown command.
You hit the bat.
You kill the bat!
A kobold comes into view.
You see here 2 inky potions.
k - 2 inky potions Unknown command.
The kobold shouts!
There is an escape hatch in the ceiling here.
Unknown command.
You closely miss the kobold. The kobold barely misses you.
You hit the kobold.
You kill the kobold!
There is an escape hatch in the ceiling here.
A mysterious force pulls you upwards. The hatch slams shut behind you.
Unknown command.
Unknown command.
A goblin comes into view.
Things that are here:
a +0 whip; a kobold corpse
There is a stone staircase leading down here.
You climb downwards.
There is a stone staircase leading up here.
Unknown command.
Unknown command.
A rat comes into view.
Unknown command.
An ogre comes into view. It is wielding a +0 giant club.
Found 6 gold pieces.
Casting: Infusion (safe; 2% risk of failure)
Confirm with . or Enter, or press ? or * to list all spells.
You start singing a song of slaying.
Unknown command.
Casting: Song of Slaying (safe; 3% risk of failure)
Confirm with . or Enter, or press ? or * to list all spells.
You begin infusing your attacks with magical energy.
You hear a shout!
A hobgoblin comes into view. It is wielding a +0 club.
Unknown command.
Unknown command.
You puncture the rat!
You kill the rat!
You see here a rat corpse.
A goblin comes into view. It is carrying a wand of paralysis (9).
The goblin shouts!
You hear a shout!
Attack whom?
Press: ? - help, Dir - move target cursor, f - hobgoblin
Aim: a hobgoblin, wielding a +0 club and wearing a +0 scale mail You reach to attack!
You closely miss the hobgoblin. You hit the hobgoblin but do no damage.
The hobgoblin hits you but does no damage.
You barely miss the ogre.
The hobgoblin hits you but does no damage.
The ogre barely misses you.
You hit the hobgoblin.
The hobgoblin is moderately wounded.
The hobgoblin hits you with a +0 club. The ogre closely misses you.
You barely miss the hobgoblin.
The hobgoblin is moderately wounded.
The goblin closely misses you. The hobgoblin closely misses you.
You barely miss the ogre. You bite the ogre.
The ogre is lightly wounded.
The ogre hits you with a +0 giant club!
* * * LOW HITPOINT WARNING * * *
The goblin zaps a wand.
You suddenly lose the ability to move!
The hobgoblin hits you with a +0 club.
* * * LOW HITPOINT WARNING * * *
The goblin hits you.
* * * LOW HITPOINT WARNING * * *
The ogre barely misses you. The hobgoblin hits you with a +0 club.
You die...

#............###....) . ###
#........#.####....<. .. ..
#........#..#......†. #.. #.
#........##.#.#...... #...
#.##........##[#.#.....8
#....#..#........##..........
#.......<.#.....##...........
......................#######
...........g@..†.######
......[..#.gO†...#
.......####.....##
..................#
.............$..(.#
..................#
..................#
....##...##.> .... ....# ...


You could see an ogre, a hobgoblin and a goblin.

Vanquished Creatures
  2 orcs (D:3)
  A ball python (D:3)
  A bat (D:3)
  A giant cockroach (D:3)
  3 kobolds
  3 frilled lizards
  2 goblins (D:3)
  A jackal skeleton (D:3)
  2 rats (D:3)
16 creatures vanquished.

Notes
Turn   | Place    | Note
-------+----------+-------------------------------------------
     0 | D:1      | tidbits the Gnoll Skald began the quest for the Orb.
     0 | D:1      | Reached XP level 1. HP: 20/20 MP: 6/6
    45 | D:3      | Found a faded altar of an unknown god.
   117 | D:3      | Reached XP level 2. HP: 23/26 MP: 1/7
   138 | D:3      | Learned a level 2 spell: Song of Slaying
   141 | D:3      | Learned a level 2 spell: Shroud of Golubria
   199 | D:3      | Noticed an ogre
   210 | D:3      | Paralysed by a goblin for 6 turns
   210 | D:3      | HP: 5/26 [hobgoblin/+0 club (2)]
   211 | D:3      | Slain by a hobgoblin

Action                   || total
-------------------------++-------
Melee: Trident           ||    45
       Bite              ||     5
       Spear             ||     1
 Cast: Infusion          ||     2
       Song of Slaying   ||     1
 Stab: Sleeping          ||     1
Armor: Leather armour    ||    10
Dodge: Dodged            ||    24

Table legend:
 A = Turns spent in this place as a percentage of turns spent in the entire game.
 B = Non-inter-level travel turns spent in this place as a percentage of non-inter-level travel turns spent in the entire game.
 C = Inter-level travel turns spent in this place as a percentage of turns spent in this place.
 D = Turns resting spent in this place as a percentage of non-inter-level travel turns spent in this place.
 E = Turns spent auto-exploring this place as a percentage of non-inter-level travel turns spent in this place.
 F = Non-inter-level travel turns spent in this place divided by the number of levels of this place that you've seen.
                   A       B       C       D       E      F
               +-------+-------+-------+-------+-------+----------------------
         Total | 100.0 | 100.0 |   0.0 |   0.0 |   0.0 |  70.3
       Dungeon | 100.0 | 100.0 |   0.0 |   0.0 |   0.0 |  70.3
               +-------+-------+-------+-------+-------+----------------------

Table legend:
 A = Kills in this place as a percentage of kills in entire the game.
 B = Kills by you in this place as a percentage of kills by you in the entire game.
 C = Kills by friends in this place as a percentage of kills by friends in the entire game.
 D = Other kills in this place as a percentage of other kills in the entire game.
 E = Experience gained in this place as a percentage of experience gained in the entire game.
 F = Experience gained in this place divided by the number of levels of this place that you have seen.
                   A       B       C       D       E      F
               +-------+-------+-------+-------+-------+----------------------
         Total | 100.0 | 100.0 |   N/A |   N/A | 100.0 |   8.7
       Dungeon | 100.0 | 100.0 |   N/A |   N/A | 100.0 |   8.7
               +-------+-------+-------+-------+-------+----------------------

Levels and vault maps discovered:
D:1:      saegor_arrival_simple_b, layout_basic, roderic_roman_lattice
D:2:      layout_basic, small_statue_intersection
D:3:      layout_rooms, chequers_ecumenical_altar_simple, first_ration
